 Dungeon Crawl Stone Soup version 0.32-a0-660-g97ce250973 (webtiles) character file.

Game seed: 17193911407014917225

3593 GeoRichter the Martial Artist (level 10, 0/77 HPs)
             Began as a Merfolk Shapeshifter on Mar 9, 2024.
             Was a Follower of Yredelemnul.
             Slain by an orc warrior
             ... wielding a +0 trident
              (10 damage)
             ... on level 7 of the Dungeon.
             The game lasted 00:10:04 (7451 turns).

GeoRichter the Martial Artist (MfSh)                Turns: 7451, Time: 00:10:05

Health: 0/77       AC:  4    Str: 16    XL:     10   Next: 10%
Magic:  10/10      EV: 17    Int:  9    God:    Yredelemnul [*.....]
Gold:   261        SH:  0    Dex: 17    Spells: 9/9 levels left

rFire   + .          .
                       - Unarmed
rCold   . . .        (shield currently unavailable)
rNeg    + . .        m - melded +0 ring mail
rPois   .            (no helmet)
rElec   +            a - +0 cloak
rCorr   .            (no gloves)
SInv    .            C - +2 pair of boots
Will    .....        (no amulet)
Stlth   +            j - ring of protection from fire
HPRegen 0.32/turn    z - ring "Beyheohe" {rElec rN+}
MPRegen 0.12/turn

%: no passive effects
@: flux-form, glowing
A: glow, contaminating, (nimble swimmer 2), mertail
a: Begin Untransformation, Renounce Religion, Light the Black Torch, Recall
Undead Harvest


You were on level 7 of the Dungeon.
You worshipped Yredelemnul.
Yredelemnul was noncommittal.
You were something dangerously unstable.
You visited 1 branch of the dungeon, and saw 7 of its levels.

You collected 261 gold pieces.

Inventory:

Armour
 a - a +0 cloak (worn)
   (You found it on level 2 of the Dungeon)
 m - a +0 ring mail (melded)
   (You found it on level 2 of the Dungeon)
 C - a +2 pair of boots (worn)
   (You found it on level 6 of the Dungeon)
Jewellery
 h - a ring of see invisible
   (You found it on level 1 of the Dungeon)
 j - a ring of protection from fire (left hand)
   (You found it on level 7 of the Dungeon)
 z - the ring "Beyheohe" (right hand) {rElec rN+}
   (You found it on level 4 of the Dungeon)

   [ring of positive energy]

   rElec:     It insulates you from electricity.
   rN+:       It protects you from negative energy.
 A - an amulet of faith {!P}
   (You found it on level 4 of the Dungeon)
Talismans
 c - a beast talisman
 d - a flux talisman (active)
Wands
 f - a wand of light (2)
   (You took it off Ijyb on level 3 of the Dungeon)
 i - a wand of charming (8)
   (You found it on level 2 of the Dungeon)
 x - a wand of flame (17)
   (You took it off a kobold on level 4 of the Dungeon)
Scrolls
 g - 2 scrolls of immolation {unknown}
 k - 2 scrolls of teleportation {unknown}
 l - 2 scrolls of noise {unknown}
 p - a scroll of enchant armour {unknown}
 r - a scroll of poison {unknown}
 s - 3 scrolls of revelation
 u - a scroll of fog {unknown}
 v - a scroll of enchant weapon {unknown}
 w - a scroll of blinking {unknown}
 y - a scroll of amnesia {unknown}
 D - a scroll of vulnerability {unknown}
Potions
 b - 2 potions of lignification {!q}
 e - 2 potions of might
 n - 3 potions of brilliance
 o - a potion of haste {@q3}
 q - a potion of degeneration {unknown}
 t - 2 potions of curing {unknown}
 B - a potion of magic {unknown}


   Skills:
 + Level 6.7 Fighting
 - Level 2.6 Dodging
 * Level 12.5 Unarmed Combat
 + Level 8.5 Shapeshifting


You had 9 spell levels left.
You didn't know any spells.
Your spell library contained the following spells:

 Spells                   Type           Power      Damage    Failure   Level
 Freeze                   Ice            0%         1d3       38%         1
 Magic Dart               Conj           0%         1d3       38%         1
 Blink                    Tloc           0%         N/A       52%         2
 Lesser Beckoning         Tloc           0%         N/A       52%         2
 Momentum Strike          Conj/Tloc      0%         3d8       52%         2
 Searing Ray              Conj           0%         2d4       52%         2
 Frozen Ramparts          Ice            0%         1d1       77%         3
 Gell's Gravitas          Tloc           0%         N/A       77%         3
 Hailstorm                Conj/Ice       0%         3d5       77%         3
 Summon Ice Beast         Ice/Summ       0%         N/A       77%         3
 Teleport Other           Tloc           0%         N/A       77%         3
 Fulminant Prism          Conj/Alch      0%         3d5       99%         4
 Leda's Liquefaction      Alch/Erth      0%         N/A       99%         4
 Lee's Rapid Deconstruct  Erth           0%         3d4*      100%        5
 Summon Mana Viper        Hex/Summ       0%         N/A       100%        5
 Bombard                  Conj/Erth      0%         9d1       100%        6
 Monstrous Menagerie      Summ           0%         N/A       100%        7


Dungeon Overview and Level Annotations

Branches:
Dungeon (7/15) Zot: 26552  Temple (0/1) D:6

Altars:
Wu Jian
Xom
Yredelemnul

Annotations:
D:4 1 runed translucent door, Crazy Yiuf


Innate Abilities, Weirdness & Mutations

You are something dangerously unstable.
You glow with magical radiation, making you easy to see and hit.
Foes you strike become dangerously contaminated with magical radiation.
You are incapable of wielding weapons or throwing items.
((You are very nimble when in or above water. (Stealth+, EV+, Speed+++)))
Your lower body shifts to a powerful aquatic tail in water.


Message History

The ice beast shudders as magic cascades through it.
The ice beast twists and deforms.
The ice beast is almost dead.
The ice beast barely misses you.
The orc warrior hits you from afar with a +0 trident.
* * * LOW HITPOINT WARNING * * *
You barely miss the ice beast.
The ice beast is almost dead.
Your ice beast zombie barely misses the ice beast.
You punch the ice beast!
You kill the ice beast!
Their soul becomes fuel for the torch.
The orc warrior hits you from afar with a +0 trident!
* * * LOW HITPOINT WARNING * * *
Your ice beast zombie hits the orc warrior but does no damage.
You barely miss the orc. The orc hits you with a +0 short sword.
* * * LOW HITPOINT WARNING * * *
The orc warrior hits you from afar with a +0 trident.
* * * LOW HITPOINT WARNING * * *
Okay, then.
Okay, then.
Okay, then.
You punch the orc!
You kill the orc!
Their soul becomes fuel for the torch.
The dead are walking!
The orc warrior completely misses you.
Your ice beast zombie hits the orc warrior but does no damage.
Something hits your ice beast zombie!
You see here a +0 short sword.
Something hits your ice beast zombie.
Your ice beast zombie closely misses the orc warrior.
The orc warrior hits your orc wizard zombie with a +0 trident!
Your orc wizard zombie hits the orc warrior but does no damage.
The orc warrior hits your orc wizard zombie with a +0 trident!
Your ice beast zombie closely misses the orc warrior.
The orc warrior hits your orc wizard zombie with a +0 trident!
Your orc wizard zombie is destroyed!
Your ice beast zombie hits the orc warrior but does no damage.
The orc warrior hits your orc zombie with a +0 trident!
Your orc zombie is destroyed!
Found 4 stones.
Your ice beast zombie hits the orc warrior but does no damage.
Your ice beast zombie hits the orc warrior but does no damage.
Found a book of Iron.
A shadow imp comes into view.
The shadow imp shouts!
The orc warrior attacks as it pursues you!
The orc warrior hits you from afar with a +0 trident!
You die...
Your body rises from the dead as a mindless zombie.

#..###..###..## ..#.
#...Z).......##.....
#..))##.##.......# #
##.####$.##...###..##.:...
.........#..#####..# ..#.
#..###.....## #...# ..# #.
#.....# ##..##...#.
####.####.....######.........
.......##...>...p.o.......###
.......##.....#######.5......
.♣..♣............. .......#.
..P....###...##### #.......#
~♣.♣..P.##...# #.......#
~~~♣~...P#...# ..........
~~~~~♣...#..... .......###
♣~♣~~♣.♣.#..##.. .#.......
.♣~♣♣♣..##... ...


You could see an orc warrior and a shadow imp.

Vanquished Creatures
  Pikel (D:6)
  A wyvern (D:7)
  A water moccasin (D:7)
  Duvessa (D:7)
  3 ice beasts
  A sky beast (D:7)
  A black bear (D:5)
  6 ogres
  A phantom (D:6)
  Blork the orc (D:4)
  A bullfrog (D:6)
  4 scorpions
  5 wights (D:7)
  A killer bee (D:6)
  A hound (D:6)
  2 bombardier beetles (D:3)
  3 orc priests (D:6)
  A gnoll bouda (D:3)
  2 iguanas
  Ijyb (D:3)
  3 orc wizards
  4 adders
  9 gnolls
  A shadow imp (D:6)
  A dart slug (D:5)
  2 ribbon worms (D:2)
  13 orcs
  6 ball pythons
  6 endoplasms
  A giant cockroach (D:1)
  11 goblins
  11 hobgoblins
  6 jackals
  A quokka (D:2)
  7 bats
  6 frilled lizards
  9 kobolds
  8 rats
143 creatures vanquished.

Vanquished Creatures (collateral kills)
  Menkaure (D:6)
  An ogre (D:6)
  3 wights (D:7)
  Dowan (D:7)
  A hound (D:6)
  2 iguanas
  An orc wizard (D:6)
  4 orcs (D:6)
14 creatures vanquished.

Vanquished Creatures (others)
  An elf zombie (D:7)
  An adder (D:3)
  A spectral shadow imp (D:6)
  3 orc zombies (D:7)
6 creatures vanquished.

Grand Total: 163 creatures vanquished

Notes
Turn   | Place    | Note
-------+----------+-------------------------------------------
     0 | D:1      | GeoRichter the Merfolk Shapeshifter began the quest for the
                  | Orb.
     0 | D:1      | Reached XP level 1. HP: 15/15 MP: 1/1
     2 | D:1      | Noticed a vine stalker
     2 | D:1      | Noticed a minotaur
     4 | D:1      | Noticed a naga
     6 | D:1      | Noticed a barachi
     6 | D:1      | Noticed a demonspawn
     8 | D:1      | Noticed a human
     8 | D:1      | Noticed a felid
    10 | D:1      | Noticed a demigod
    10 | D:1      | Noticed a djinni
    12 | D:1      | Noticed a tengu
    12 | D:1      | Noticed a troll
    14 | D:1      | Noticed a spriggan
    14 | D:1      | Noticed a formicid
    16 | D:1      | Noticed a merfolk
    18 | D:1      | Noticed an octopode
    20 | D:1      | Noticed a dwarf
    22 | D:1      | Noticed a draconian
    22 | D:1      | Noticed a vampire
    24 | D:1      | Noticed a ghoul
    24 | D:1      | Noticed an elf
    26 | D:1      | Noticed an oni
    26 | D:1      | Noticed a gargoyle
    28 | D:1      | Noticed an armataur
   164 | D:1      | Reached XP level 2. HP: 12/21 MP: 2/2
   212 | D:1      | Reached skill level 4 in Unarmed Combat
   370 | D:1      | Found a faded altar of an unknown god.
  1033 | D:1      | Reached XP level 3. HP: 25/26 MP: 3/3
  1396 | D:2      | Reached skill level 5 in Unarmed Combat
  1594 | D:2      | Reached XP level 4. HP: 27/32 MP: 4/4
  2152 | D:3      | Reached skill level 6 in Unarmed Combat
  2152 | D:3      | Reached XP level 5. HP: 31/37 MP: 5/5
  2189 | D:3      | Noticed Ijyb
  2368 | D:3      | Killed Ijyb
  2513 | D:3      | Reached skill level 7 in Unarmed Combat
  2735 | D:3      | Reached XP level 6. HP: 35/43 MP: 6/6
  3902 | D:4      | Reached skill level 8 in Unarmed Combat
  4116 | D:4      | Identified the ring "Beyheohe" {rElec rN+}
  4160 | D:4      | Reached XP level 7. HP: 21/48 MP: 7/7
  4299 | D:4      | Noticed Blork the orc
  4310 | D:4      | Killed Blork the orc
  4536 | D:4      | Found a runed translucent door.
  4537 | D:4      | Noticed Crazy Yiuf
  4811 | D:4      | Reached skill level 9 in Unarmed Combat
  5065 | D:5      | Entered Level 5 of the Dungeon
  5083 | D:5      | Found a shimmering altar of Xom.
  5230 | D:5      | Reached skill level 5 in Shapeshifting
  5321 | D:5      | Found a basalt altar of Yredelemnul.
  5489 | D:5      | Became a worshipper of Yredelemnul the Fallen
  5559 | D:5      | Found an ornate altar of the Wu Jian Council.
  5563 | D:5      | Reached XP level 8. HP: 58/58 MP: 8/8
  6139 | D:6      | Reached skill level 10 in Unarmed Combat
  6330 | D:6      | Noticed Menkaure
  6338 | D:6      | Killed Menkaure
  6339 | D:6      | Reached XP level 9. HP: 66/66 MP: 9/9
  6511 | D:6      | Reached * piety under Yredelemnul
  6512 | D:6      | Reached skill level 5 in Fighting
  6581 | D:6      | Noticed Pikel
  6594 | D:6      | Killed Pikel
  6595 | D:6      | Reached skill level 11 in Unarmed Combat
  6918 | D:6      | Found a staircase to the Ecumenical Temple.
  7023 | D:7      | Noticed Duvessa
  7026 | D:7      | Noticed Dowan
  7031 | D:7      | Killed Duvessa
  7038 | D:7      | Killed Dowan
  7201 | D:7      | Reached skill level 12 in Unarmed Combat
  7397 | D:7      | Your ally Duvessa died
  7402 | D:7      | Reached XP level 10. HP: 64/77 MP: 10/10
  7425 | D:7      | HP: 2/77 [orc warrior/+0 trident (3)]
  7451 | D:7      | Slain by an orc warrior

Illustrated notes

Levels and vault maps discovered:
D:1:      kb_arrival_jail, layout_basic, shapermc_ecumenical_altar_gd,
          minmay_tree_intersection, minivault_25
D:2:      layout_loops_corners, cheibrodos_gnoll_hut
D:3:      wad_river_or_something, layout_loops_ring, uniq_ijyb
D:4:      layout_loops_corners, uniq_crazy_yiuf_cottage, uniq_blork_the_orc
D:5:      layout_loops_cross, mainiacjoe_overflow_paths,
          yredelemnul_altar_generic, mainiacjoe_overflow_24_doors
D:6:      layout_rooms, minmay_temple_entry_enclosed_plants, uniq_pikel,
          uniq_menkaure
D:7:      hangedman_cross_stitches, layout_rooms, serial_bayou_pond_a,
          uniq_duvessa

Skill      XL: |  1  2  3  4  5  6  7  8  9 |
---------------+----------------------------+-----
Unarmed Combat | 4 5 6 7 8 9 10 12 | 12.5
Fighting       | 3 4 6 |  6.7
Shapeshifting  | 5 6 8 |  8.5
Dodging        | |  2.6

Action                     |  1- 3 |  4- 6 |  7- 9 | 10-12 || total
---------------------------+-------+-------+-------+-------++-------
  Melee: Unarmed           |    87 |   165 |   195 |    24 ||   471
         Punch             |     2 |     5 |    13 |       ||    20
         Tailslap          |       |     1 |       |       ||     1
 Invoke: Light the Black T |       |       |     3 |       ||     3
  Evoke: Wand              |       |     5 |     4 |       ||     9
    Use: Scroll            |       |     3 |     4 |       ||     7
         Potion            |       |     1 |       |       ||     1
   Stab: Sleeping          |     2 |       |       |       ||     2
         Distracted        |       |       |       |     1 ||     1
 Armour: Animal skin       |    32 |       |       |       ||    32
         Leather armour    |    15 |     5 |       |       ||    20
         Ring mail         |       |    84 |    75 |       ||   159
         Skin              |       |       |    20 |    12 ||    32
  Dodge: Dodged            |    38 |    62 |   121 |    13 ||   234
   Form: Flux              |       |       |     1 |       ||     1

Table legend: (Time is in decaauts)
 A = Elapsed time spent in this place.
 B = Non-inter-level travel time spent in this place.
 C = Inter-level travel time spent in this place.
 D = Time resting spent in this place.
 E = Time spent auto-exploring this place.
 F = Levels seen in this place.
 G = Mean time per level.
                   A        B        C        D        E       F      G
               +--------+--------+--------+--------+--------+-----+--------+
         Total |   7374 |   6989 |    385 |    873 |   4957 |   7 | 1053.4 |
       Dungeon |   7374 |   6989 |    385 |    873 |   4957 |   7 | 1053.4 |
               +--------+--------+--------+--------+--------+-----+--------+

Top non-repeatable levels by time:
     D:4: 1506 daAuts
     D:3: 1403 daAuts
     D:1: 1074 daAuts
     D:5: 1047 daAuts
     D:2: 1046 daAuts
     D:6: 881 daAuts
     D:7: 414 daAuts
